| TOP OF THE 1ST |
|
West Virginia Power batting - Pitching for Peoria Chiefs : LHP Brian Rhyne
|
|
Pitching: LHP Brian Rhyne
|
|
|
Batting: LHB Joe Hoover
|
0-0: Foul Ball, location: 2F 0-1: Called Strike 0-2: Hit by Pitch
|
|
Batting: RHB Richard Barrios
|
0-0: Swinging Strike 0-1: Called Strike Joe Hoover steals 2nd, throwing error, E2 Joe Hoover to third 0-2: Foul Ball, location: 2F 0-2: Foul Ball, location: 2F 0-2: Foul Ball, location: 2F 0-2: Foul Ball, location: 2F 0-2: Ball 1-2: Foul Ball, location: 2F 1-2: Foul Ball, location: 2F 1-2: Foul Ball, location: 2F 1-2: Ground out 6-3 (Groundball, 6S, EV 68.8 MPH) Joe Hoover scores
|
|
Batting: RHB Mike Velazquez
|
0-0: Ball 1-0: Ball 2-0: Called Strike 2-1: Ball 3-1: Foul Ball, location: 2F 3-2: Foul Ball, location: 2F 3-2: Ground out 4-3 (Groundball, 4, EV 84.4 MPH)
|
|
Batting: RHB Zach Chmieleski
|
0-0: Called Strike 0-1: Swinging Strike 0-2: Foul Ball, location: 2F 0-2: Fly out, F7 (Flyball, 7D, EV 87.5 MPH)
|
| Top of the 1st over - 1 run, 0 hits, 1 error, 0 left on base; West Virginia 1 - Peoria 0 |
| BOTTOM OF THE 1ST |
|
Peoria Chiefs batting - Pitching for West Virginia Power : LHP Stan Stirnweiss
|
|
Pitching: LHP Stan Stirnweiss
|
|
|
Batting: RHB Fortunato Fteira
|
0-0: Ball 1-0: Foul Ball, location: 2F 1-1: Ball 2-1: Swinging Strike 2-2: Foul Ball, location: 2F 2-2: Fly out, F7 (Line Drive, 7, EV 91.2 MPH)
|
|
Batting: RHB Richard Riggs
|
0-0: Called Strike 0-1: Ball 1-1: Foul Ball, location: 2F 1-2: Strikes out swinging
|
|
Batting: RHB Pat Scaturro
|
0-0: Ball 1-0: Ball 2-0: Fly out, F4 (Popup, 23, EV 87.5 MPH)
|
| Bottom of the 1st over - 0 runs, 0 hits, 0 errors, 0 left on base; West Virginia 1 - Peoria 0 |
| TOP OF THE 2ND |
|
West Virginia Power batting - Pitching for Peoria Chiefs : LHP Brian Rhyne
|
|
Batting: RHB Ted Goldblatt
|
0-0: Called Strike 0-1: Ball 1-1: Foul Ball, location: 2F 1-2: Strikes out swinging
|
|
Batting: SHB Mike Corley
|
0-0: Ball 1-0: Called Strike 1-1: SINGLE (Groundball, 56, EV 108.1 MPH) (infield hit)
|
|
Batting: RHB Alfredo Medrano
|
0-0: Ball Mike Corley steals 2nd base 1-0: Fly out, F8 (Flyball, 8RXD, EV 87.5 MPH) Runner from 2nd tags up, SAFE at 3rd, no throw by CF
|
|
Batting: RHB Tom Primmer
|
0-0: Ball 1-0: Ball 2-0: Ball 3-0: Called Strike 3-1: Foul Ball, location: 2F 3-2: Ground out 5-3 (Groundball, 56S, EV 88.8 MPH)
|
| Top of the 2nd over - 0 runs, 1 hit, 0 errors, 1 left on base; West Virginia 1 - Peoria 0 |
| BOTTOM OF THE 2ND |
|
Peoria Chiefs batting - Pitching for West Virginia Power : LHP Stan Stirnweiss
|
|
Batting: RHB John Peterson
|
0-0: Ball 1-0: Foul Ball, location: 2F 1-1: Ground out 4-3 (Groundball, 4MS, EV 86.2 MPH)
|
|
Batting: RHB Tyler Walker
|
0-0: Fly out, F7 (Flyball, 7D, EV 95.0 MPH)
|
|
Batting: RHB Fekadu Alhaadi
|
0-0: Foul Ball, location: 2F 0-1: Foul Ball, location: 2F 0-2: Foul Ball, location: 2F 0-2: Foul Ball, location: 2F 0-2: Strikes out looking
|
| Bottom of the 2nd over - 0 runs, 0 hits, 0 errors, 0 left on base; West Virginia 1 - Peoria 0 |
| TOP OF THE 3RD |
|
West Virginia Power batting - Pitching for Peoria Chiefs : LHP Brian Rhyne
|
|
Batting: LHB Brandon Sarni
|
0-0: Ball 1-0: Swinging Strike 1-1: Foul Ball, location: 2F 1-2: Foul Ball, location: 2F 1-2: Foul Ball, location: 2F 1-2: Ball 2-2: Strikes out swinging
|
|
Batting: LHB Joe Hoover
|
0-0: Foul Ball, location: 2F 0-1: Ball 1-1: Ball 2-1: Ball 3-1: Foul Ball, location: 2F 3-2: Base on Balls
|
|
Batting: RHB Richard Barrios
|
0-0: Called Strike 0-1: Foul Ball, location: 2F 0-2: Strikes out swinging
|
|
Batting: RHB Mike Velazquez
|
0-0: Ball 1-0: Foul Ball, location: 2F 1-1: Ball Joe Hoover steals 2nd base 2-1: Ball 3-1: Foul Ball, location: 2F 3-2: Foul Ball, location: 2F 3-2: Ground out 4-3 (Groundball, 4, EV 85.0 MPH)
|
| Top of the 3rd over - 0 runs, 0 hits, 0 errors, 1 left on base; West Virginia 1 - Peoria 0 |
| BOTTOM OF THE 3RD |
|
Peoria Chiefs batting - Pitching for West Virginia Power : LHP Stan Stirnweiss
|
|
Batting: SHB Hank Arias
|
0-0: Ball 1-0: Bunted foul 1-1: Ground out 4-3 (Groundball, 4M, EV 81.9 MPH)
|
|
Batting: RHB Tim Cleary
|
0-0: Ball 1-0: Fly out, F4 (Popup, 4, EV 64.4 MPH)
|
|
Batting: RHB Bernard Claude
|
0-0: Called Strike 0-1: Foul Ball, location: 2F 0-2: Strikes out swinging
|
| Bottom of the 3rd over - 0 runs, 0 hits, 0 errors, 0 left on base; West Virginia 1 - Peoria 0 |
| TOP OF THE 4TH |
|
West Virginia Power batting - Pitching for Peoria Chiefs : LHP Brian Rhyne
|
|
Batting: RHB Zach Chmieleski
|
0-0: Ball 1-0: Ball 2-0: Called Strike 2-1: Foul Ball, location: 2F 2-2: Foul Ball, location: 2F 2-2: Strikes out swinging
|
|
Batting: RHB Ted Goldblatt
|
0-0: Ball 1-0: Called Strike 1-1: Ball 2-1: SINGLE (Line Drive, 6MD, EV 96.2 MPH)
|
|
Batting: SHB Mike Corley
|
0-0: Ball 1-0: Called Strike 1-1: Hit by Pitch Ted Goldblatt to second
|
|
Batting: RHB Alfredo Medrano
|
0-0: Ball 1-0: Ball 2-0: Ball 3-0: Called Strike 3-1: Base on Balls Ted Goldblatt to third Mike Corley to second
|
|
Batting: RHB Tom Primmer
|
0-0: Swinging Strike 0-1: Ball 1-1: Foul Ball, location: 2F 1-2: Foul Ball, location: 2F 1-2: Fly out, F9 (Flyball, 89S, EV 82.5 MPH)
|
|
Pitching: LHP Kevin Turner
|
|
|
Batting: LHB Brandon Sarni
|
0-0: Called Strike 0-1: Ball Passed Ball! Ted Goldblatt scores Mike Corley to third Alfredo Medrano to second 1-1: Ball 2-1: Called Strike 2-2: Ground out 1-3 (Groundball, 13S, EV 70.0 MPH)
|
| Top of the 4th over - 1 run, 1 hit, 0 errors, 2 left on base; West Virginia 2 - Peoria 0 |
| BOTTOM OF THE 4TH |
|
Peoria Chiefs batting - Pitching for West Virginia Power : LHP Stan Stirnweiss
|
|
Batting: RHB Fortunato Fteira
|
0-0: Ball 1-0: Called Strike 1-1: Called Strike 1-2: Strikes out swinging
|
|
Batting: RHB Richard Riggs
|
0-0: Ball 1-0: Ball 2-0: Called Strike 2-1: Ball 3-1: SINGLE (Groundball, 4M, EV 107.5 MPH) (infield hit)
|
|
Batting: RHB Pat Scaturro
|
0-0: Ball 1-0: Ball 2-0: Ball 3-0: Base on Balls Richard Riggs to second
|
|
Batting: RHB John Peterson
|
0-0: Ball 1-0: Foul Ball, location: 2F 1-1: Called Strike Richard Riggs steals 3rd base 1-2: Ball 2-2: Foul Ball, location: 2F 2-2: Ball 3-2: Fielders Choice at 2nd, 3-6 (Groundball, 3, EV 95.6 MPH) Richard Riggs scores
|
|
Batting: RHB Tyler Walker
|
0-0: Called Strike 0-1: Ball 1-1: Ball 2-1: Foul Ball, location: 2F 2-2: Foul Ball, location: 2F 2-2: Strikes out swinging
|
| Bottom of the 4th over - 1 run, 1 hit, 0 errors, 1 left on base; West Virginia 2 - Peoria 1 |
| TOP OF THE 5TH |
|
West Virginia Power batting - Pitching for Peoria Chiefs : LHP Kevin Turner
|
|
Batting: LHB Joe Hoover
|
0-0: Ball 1-0: Swinging Strike 1-1: Foul Ball, location: 2F 1-2: Ball 2-2: Strikes out swinging
|
|
Batting: RHB Richard Barrios
|
0-0: Ball 1-0: DOUBLE (Line Drive, 7LM, EV 106.2 MPH)
|
|
Batting: RHB Mike Velazquez
|
0-0: Ball 1-0: Ball 2-0: Ball 3-0: Called Strike 3-1: Swinging Strike 3-2: Base on Balls
|
|
Batting: RHB Zach Chmieleski
|
0-0: Foul Ball, location: 2F 0-1: Ball 1-1: DOUBLE (Flyball, 78D, EV 107.5 MPH) Richard Barrios scores Mike Velazquez to third
|
|
Batting: RHB Ted Goldblatt
|
0-0: Ball 1-0: DOUBLE (Line Drive, 78D, EV 110.0 MPH) Mike Velazquez scores Zach Chmieleski scores
|
|
Pitching: RHP Nick Peters
|
|
|
Batting: SHB Mike Corley
|
0-0: Foul Ball, location: 2F 0-1: Ball 1-1: Foul Ball, location: 2F 1-2: Foul Ball, location: 2F 1-2: 2-RUN HOME RUN (Flyball, 89XD, EV 104.4 MPH), Distance : 396 ft
|
|
Batting: RHB Alfredo Medrano
|
0-0: Called Strike 0-1: Ball 1-1: SINGLE (Groundball, 56D, EV 100.6 MPH)
|
|
Batting: RHB Tom Primmer
|
0-0: Foul Ball, location: 2F 0-1: Ball 1-1: Foul Ball, location: 2F 1-2: Strikes out swinging
|
|
Batting: LHB Brandon Sarni
|
0-0: Called Strike 0-1: Ball 1-1: Ground out 4-3 (Groundball, 34D, EV 104.4 MPH)
|
| Top of the 5th over - 5 runs, 5 hits, 0 errors, 1 left on base; West Virginia 7 - Peoria 1 |
| BOTTOM OF THE 5TH |
|
Peoria Chiefs batting - Pitching for West Virginia Power : LHP Stan Stirnweiss
|
|
Batting: RHB Fekadu Alhaadi
|
0-0: Ball 1-0: Ball 2-0: Ball 3-0: Called Strike 3-1: Foul Ball, location: 2F 3-2: Ground out 6-3 (Groundball, 6, EV 100.0 MPH)
|
|
Batting: SHB Hank Arias
|
0-0: SINGLE (Groundball, 34D, EV 100.0 MPH)
|
|
Batting: RHB Tim Cleary
|
0-0: Called Strike 0-1: Called Strike 0-2: Fly out, F8 (Flyball, 8RM, EV 93.8 MPH)
|
|
Batting: RHB Bernard Claude
|
0-0: Called Strike 0-1: Ball 1-1: Ball 2-1: Ground out 4-3 (Groundball, 4, EV 85.0 MPH)
|
| Bottom of the 5th over - 0 runs, 1 hit, 0 errors, 1 left on base; West Virginia 7 - Peoria 1 |
| TOP OF THE 6TH |
|
West Virginia Power batting - Pitching for Peoria Chiefs : RHP Nick Peters
|
|
Batting: LHB Joe Hoover
|
0-0: Ball 1-0: Ball 2-0: Swinging Strike 2-1: Foul Ball, location: 2F 2-2: Ball 3-2: Base on Balls
|
|
Batting: RHB Richard Barrios
|
0-0: Called Strike 0-1: Ball 1-1: Swinging Strike 1-2: Fly out, F8 (Flyball, 8RD, EV 83.8 MPH)
|
|
Batting: RHB Mike Velazquez
|
0-0: Called Strike Joe Hoover steals 2nd base 0-1: Ball Passed Ball! Joe Hoover to third 1-1: Ball 2-1: Swinging Strike 2-2: Ball 3-2: Base on Balls
|
|
Batting: RHB Zach Chmieleski
|
0-0: Ball 1-0: Swinging Strike 1-1: Foul Ball, location: 2F 1-2: Strikes out swinging
|
|
Batting: RHB Ted Goldblatt
|
0-0: Ball 1-0: Ball 2-0: Foul Ball, location: 2F 2-1: Ball 3-1: Foul Ball, location: 2F 3-2: Strikes out swinging
|
| Top of the 6th over - 0 runs, 0 hits, 0 errors, 2 left on base; West Virginia 7 - Peoria 1 |
| BOTTOM OF THE 6TH |
|
Peoria Chiefs batting - Pitching for West Virginia Power : LHP Stan Stirnweiss
|
|
Batting: RHB Fortunato Fteira
|
0-0: Called Strike 0-1: Ball 1-1: Ball 2-1: Ground out 4-3 (Groundball, 4, EV 106.2 MPH)
|
|
Batting: RHB Richard Riggs
|
0-0: Ground out 4-3 (Groundball, 4M, EV 105.0 MPH)
|
|
Batting: RHB Pat Scaturro
|
0-0: Ball 1-0: Swinging Strike 1-1: Ball 2-1: Fly out, F7 (Line Drive, 7S, EV 85.6 MPH)
|
| Bottom of the 6th over - 0 runs, 0 hits, 0 errors, 0 left on base; West Virginia 7 - Peoria 1 |
| TOP OF THE 7TH |
|
West Virginia Power batting - Pitching for Peoria Chiefs : RHP Nick Peters
|
|
Batting: SHB Mike Corley
|
0-0: Ball 1-0: Called Strike 1-1: Called Strike 1-2: Strikes out looking
|
|
Batting: RHB Alfredo Medrano
|
0-0: Swinging Strike 0-1: Ball 1-1: Ball 2-1: Swinging Strike 2-2: Strikes out swinging
|
|
Batting: RHB Tom Primmer
|
0-0: Swinging Strike 0-1: Ball 1-1: Foul Ball, location: 2F 1-2: Foul Ball, location: 2F 1-2: Strikes out swinging
|
| Top of the 7th over - 0 runs, 0 hits, 0 errors, 0 left on base; West Virginia 7 - Peoria 1 |
| BOTTOM OF THE 7TH |
|
Peoria Chiefs batting - Pitching for West Virginia Power : LHP Stan Stirnweiss
|
|
Batting: RHB John Peterson
|
0-0: Ball 1-0: Foul Ball, location: 2F 1-1: Foul Ball, location: 2F 1-2: Ball 2-2: Strikes out swinging
|
|
Batting: RHB Tyler Walker
|
0-0: Swinging Strike 0-1: Ball 1-1: Called Strike 1-2: Strikes out swinging
|
|
Batting: RHB Fekadu Alhaadi
|
0-0: Called Strike 0-1: Called Strike 0-2: Ball 1-2: Strikes out swinging
|
| Bottom of the 7th over - 0 runs, 0 hits, 0 errors, 0 left on base; West Virginia 7 - Peoria 1 |
| TOP OF THE 8TH |
|
West Virginia Power batting - Pitching for Peoria Chiefs : RHP Nick Peters
|
|
Pitching: RHP Ray Strehler
|
|
|
Batting: LHB Brandon Sarni
|
0-0: Ball 1-0: Ball 2-0: Ball 3-0: Called Strike 3-1: Called Strike 3-2: Base on Balls
|
|
Batting: LHB Joe Hoover
|
0-0: Ground out 4-3 (Groundball, 4S, EV 66.2 MPH) Brandon Sarni to second
|
|
Batting: RHB Richard Barrios
|
0-0: Ball 1-0: Foul Ball, location: 2F 1-1: Swinging Strike 1-2: Ball 2-2: Ball 3-2: Strikes out swinging
|
|
Batting: RHB Mike Velazquez
|
0-0: Called Strike 0-1: Ball 1-1: Ball 2-1: Called Strike 2-2: Strikes out looking
|
| Top of the 8th over - 0 runs, 0 hits, 0 errors, 1 left on base; West Virginia 7 - Peoria 1 |
| BOTTOM OF THE 8TH |
|
Peoria Chiefs batting - Pitching for West Virginia Power : LHP Stan Stirnweiss
|
|
Batting: SHB Hank Arias
|
0-0: Ball 1-0: Foul Ball, location: 2F 1-1: Foul Ball, location: 2F 1-2: Ball 2-2: Fly out, F7 (Flyball, 78XD, EV 100.6 MPH)
|
|
Batting: RHB Tim Cleary
|
0-0: Ball 1-0: Called Strike 1-1: Ball 2-1: Swinging Strike 2-2: Ball 3-2: Base on Balls
|
|
Batting: RHB Bernard Claude
|
0-0: Foul Ball, location: 2F 0-1: Called Strike 0-2: Ball 1-2: Ball 2-2: Strikes out swinging
|
|
Batting: RHB Fortunato Fteira
|
0-0: Foul Ball, location: 2F 0-1: Ball 1-1: Foul Ball, location: 2F 1-2: Ball 2-2: Fielders Choice at 2nd, 6-4 (Groundball, 6, EV 102.5 MPH)
|
| Bottom of the 8th over - 0 runs, 0 hits, 0 errors, 1 left on base; West Virginia 7 - Peoria 1 |
| TOP OF THE 9TH |
|
West Virginia Power batting - Pitching for Peoria Chiefs : RHP Ray Strehler
|
|
Batting: RHB Zach Chmieleski
|
0-0: Ball 1-0: Ball 2-0: Ball 3-0: Called Strike 3-1: Base on Balls
|
|
Batting: RHB Ted Goldblatt
|
0-0: Fielders Choice at 2nd, 3-6 (Groundball, 3, EV 98.8 MPH)
|
|
Batting: SHB Mike Corley
|
0-0: SINGLE (Groundball, 34D, EV 88.8 MPH) (infield hit) Ted Goldblatt to second
|
|
Batting: RHB Alfredo Medrano
|
0-0: Foul Ball, location: 2F 0-1: Ball 1-1: Foul Ball, location: 2F 1-2: Fly out, F9 (Flyball, 9LS, EV 70.0 MPH)
|
|
Batting: RHB Tom Primmer
|
0-0: Ball 1-0: Called Strike 1-1: Ball 2-1: Ball 3-1: Fly out, F4 (Popup, 4M, EV 69.4 MPH)
|
| Top of the 9th over - 0 runs, 1 hit, 0 errors, 2 left on base; West Virginia 7 - Peoria 1 |
| BOTTOM OF THE 9TH |
|
Peoria Chiefs batting - Pitching for West Virginia Power : LHP Stan Stirnweiss
|
|
Batting: RHB Richard Riggs
|
0-0: Called Strike 0-1: Ground out 4-3 (Groundball, 4, EV 83.8 MPH)
|
|
Pitching: RHP Mike Rosen
|
|
|
Batting: RHB Pat Scaturro
|
0-0: Fly out, F7 (Line Drive, 7, EV 94.4 MPH)
|
|
Batting: RHB John Peterson
|
0-0: Called Strike 0-1: Ball 1-1: Ball 2-1: SINGLE (Flyball, 3D, EV 90.0 MPH)
|
|
Batting: RHB Tyler Walker
|
0-0: Ball 1-0: Foul Ball, location: 2F 1-1: Swinging Strike 1-2: Ground out U3 (Groundball, 3S, EV 84.4 MPH)
|
| Bottom of the 9th over - 0 runs, 1 hit, 0 errors, 1 left on base; West Virginia 7 - Peoria 1 |
|